 Dungeon Crawl Stone Soup version 0.24.0-125-gc4c63601f3 (webtiles) character file.

Game seed: 3340550902733331919, levelgen mode: deterministic

208023 SirRappy the Fencer (level 18, -1/163 HPs)
             Began as a Minotaur Berserker on Mar 19, 2020.
             Was a High Priest of Trog.
             Blown up by an orb spider (32 damage)
             ... with a wavering orb of destruction
             ... on level 1 of the Spider Nest on Mar 22, 2020.
             The game lasted 02:58:04 (29248 turns).

SirRappy the Fencer (Minotaur Berserker)           Turns: 29248, Time: 02:58:05

Health: -1/163     AC: 34    Str: 28    XL:     18   Next: 11%
Magic:  17/17      EV: 10    Int:  9    God:    Trog [*****.]
Gold:   2861       SH:  6    Dex: 12    Spells: 17/17 levels left

rFire    . . .     SeeInvis .   Q - +2 great sword (flame)
rCold    + . .     Gourm    .   (shield currently unavailable)
rNeg     . . .     Faith    .   W - +3 crystal plate armour {rC+}
rPois    .         Spirit   .   A - +1 hat
rElec    .         Reflect  +   w - +0 cloak {+Inv}
rCorr    .         Harm     .   P - +2 pair of gloves
MR       ++++.                  j - +0 pair of boots
Stlth    ..........             N - +6 amulet of reflection
HPRegen  1.37/turn              p - ring of protection from magic
MPRegen  0.15/turn              k - +5 ring of slaying

@: mighty, berserk cooldown, regenerating, slowed, studying Long Blades, very
slow
A: retaliatory headbutt, horns 2
}: 1/15 runes: decaying
a: Berserk, Trog's Hand, Brothers in Arms, Renounce Religion, Evoke Invisibility


You were on level 1 of the Spider Nest.
You worshipped Trog.
Trog was extremely pleased with you.
You were near starving.

You visited 6 branches of the dungeon, and saw 29 of its levels.
You also visited: Ice Cave.

You collected 2959 gold pieces.
You spent 98 gold pieces at shops.

Inventory:

Hand Weapons
 Q - a +2 great sword of flaming (weapon)
 X - the +9 broad axe of Precise Incision {chop, rPois rF+++ MP-9 Dex-2}
   (Trog gifted it to you on level 10 of the Dungeon)

   It inflicts extra damage upon your enemies.
   It affects your dexterity (-2).
   It renders you almost immune to fire.
   It protects you from poison.
   It affects your magic capacity (-9).
Missiles
 b - 6 javelins (quivered)
 v - 8 silver javelins
Armour
 j - a +0 pair of boots (worn)
 w - a +0 cloak of invisibility (worn)
 A - a +1 hat (worn)
 P - a +2 pair of gloves (worn)
 W - a +3 crystal plate armour of cold resistance (worn)
Jewellery
 k - a +5 ring of slaying (right hand)
 p - a ring of protection from magic (left hand)
 N - a +6 amulet of reflection (around neck)
Wands
 a - a wand of iceblast (8)
 x - a wand of enslavement (7)
Scrolls
 d - 6 scrolls of identify
 o - 6 scrolls of fear
 C - 7 scrolls of remove curse
 D - 5 scrolls of teleportation
 H - 3 scrolls of magic mapping
Potions
 f - 5 potions of agility
 g - 6 potions of haste
 h - 2 potions of ambrosia
 i - 3 potions of resistance
 l - 2 potions of lignification
 q - 7 potions of curing
 J - 2 potions of might
 L - 2 potions of invisibility
 O - 3 potions of flight
Books
 V - a manual of Long Blades
Comestibles
 c - 39 rations


   Skills:
 - Level 15.0 Fighting
 * Level 18.6 Long Blades
 - Level 18.0 Axes
   Level 12.0 Crossbows
 * Level 10.8 Throwing
 - Level 15.0 Armour
 * Level 8.8 Dodging


You had 17 spell levels left.
You didn't know any spells.
Your spell library was empty.

Dungeon Overview and Level Annotations

Branches:
Dungeon (15/15)            Temple (1/1) D:7            Lair (6/6) D:10
  Swamp (4/4) Lair:3       Spider (1/4) Lair:2        Slime (0/5) Lair:5
    Orc (2/2) D:9             Elf (0/3) Orc:2        Vaults (0/5) D:14
 Depths (0/5) D:15          IceCv (visited)

Altars:
Ashenzari
Cheibriados
Dithmenos
Elyvilon
Fedhas
Gozag
Hepliaklqana
Kikubaaqudgha
Makhleb
Nemelex Xobeh
Okawaru
Qazlal
Ru
Sif Muna
Trog
Uskayaw
Vehumet
Wu Jian
Xom
Yredelemnul
Zin
The Shining One

Shops:
D:12 (   Orc:2 *[(:

Annotations:
D:6 2 transporters, scorp85's ghost, novice MiFi
D:13 2 transporters, Huschy's ghost, journeyman HOFi
D:15 2 transporters, Uvinaotu's ghost, journeyman MiFi


Innate Abilities, Weirdness & Mutations

You reflexively headbutt those who attack you in melee.
You have a pair of horns on your head.


Message History

Okay, then.
You hear a hideous shriek!
You feel less confused.
Your troll barely misses the orb spider.
Your troll claws the orb spider!
Your troll claws the orb spider!!
The orb spider weaves a glowing orb of energy.
Your troll bites the orb spider!!
The orb spider dies!
Trog accepts your kill.
The jumping spider leaps!
An orb of destruction comes into view.
The wavering orb of destruction hits you but does no damage.
You see here a redback corpse.
The orb spider spins a strand of pure energy.
You hear a shout!
A demonic crawler comes into view.
The orb spider weaves a glowing orb of energy.
An orb of destruction comes into view.
The wavering orb of destruction hits you!!
You die...

........ .....
...s. ..... #.s#
...... #.(# ......
#.†# ......##††###
......##...###
#....T....#
##.@○..#..#
#^.s%#....# ### .
#...###...#
#.##..#....##..##
#..##.......####
#...#..#.....#
#...##.......#
#....##......###
#.....##.^#....###


You could see an orb spider and a friendly troll (berserk).

Vanquished Creatures
  A bone dragon (Swamp:4)
  Rupert (Lair:4)
  2 thorn hunters
  Gastronok (D:12)
  An orc warlord (Orc:1)
  Aizul (Swamp:2)
  A reaper (IceCv)
  3 entropy weavers
  A dire elephant (Lair:6)
  Snorg (D:13)
  The ghost of Yphutt the Thaumaturge, a journeyman GnSk of Okawaru (D:11)
  Harold (D:11)
  Josephine (D:11)
  12 hydras
  A vault guard (D:14)
  A centaur warrior (D:15)
  A ghost crab (Swamp:2)
  4 catoblepae (Lair:6)
  Erica (D:10)
  4 two-headed ogres
  A tengu warrior (D:15)
  A queen ant (D:13)
  6 alligators
  A death knight (D:10)
  Urug (Lair:5)
  5 orc high priests
  13 death yaks
  Sonja (D:11)
  A skeletal warrior (D:15)
  4 spectral hydras (Swamp:4)
  4 unseen horrors
  A spriggan druid (Swamp:4)
  5 swamp dragons
  4 phantasmal warriors
  2 wizards (D:14)
  An orc knight (Orc:1)
  A necromancer (D:15)
  4 wolf spiders (Spider:1)
  A tengu zombie (D:15)
  A deep elf mage (D:12)
  A fire giant zombie (D:15)
  3 orb spiders (Spider:1)
  6 oklob plants
  15 ugly things
  2 cyclopes
  5 manticores
  7 orc sorcerers
  A black mamba (Lair:6)
  10 elephants
  Joseph (D:8)
  Maurice (D:13)
  2 ice statues (IceCv)
  2 gargoyles
  18 spiny frogs
  Psyche (D:8)
  4 rime drakes
  A swamp worm zombie (Swamp:4)
  3 efreet
  11 ice devils (IceCv)
  2 komodo dragons
  A kobold demonologist (D:12)
  A demonic crawler (Spider:1)
  A guardian mummy (D:15)
  6 trolls
  6 hydra zombies (Swamp:4)
  A tengu conjurer (D:13)
  8 jumping spiders
  9 tyrant leeches
  8 hornets
  A meliai (D:8)
  13 blink frogs
  A polar bear (Lair:5)
  A spectral swamp dragon (Swamp:4)
  5 alligator zombies (Swamp:4)
  Grinder (D:4)
  15 slime creatures
  7 dream sheep (Lair:6)
  10 bog bodies
  A spriggan zombie (D:15)
  An ettin zombie (D:15)
  3 hippogriffs
  10 shadows
  14 redbacks
  6 spriggans
  65 yaks
  21 humans (D:14)
  4 tarantellas (Spider:1)
  3 vampires
  6 wraiths
  3 wyverns
  Eustachio (D:4)
  Grum (D:9)
  A hungry ghost (D:11)
  Menkaure (D:6)
  28 vampire mosquitoes
  18 swamp worms
  13 insubstantial wisps
  18 soldier ants (D:13)
  Edmund (D:4)
  3 wargs
  3 acid dragons
  Duvessa (D:4)
  8 water moccasins
  5 porcupines
  6 swamp drakes
  22 orc warriors
  A swamp dragon zombie (Swamp:4)
  9 ice beasts
  A meliai simulacrum (D:11)
  A necrophage (D:8)
  9 phantoms
  5 sky beasts
  7 black bears
  An eye of draining (D:8)
  13 ogres
  12 wolves
  9 centaurs
  2 big kobolds
  11 crocodiles
  26 bullfrogs
  An elf zombie (D:8)
  A gnoll sergeant (D:8)
  Dowan (D:4)
  3 scorpions
  A wyvern skeleton (D:13)
  14 killer bees
  3 wights (D:8)
  4 howler monkeys
  2 electric eels (Lair:3)
  8 crimson imps
  4 centaur zombies
  3 bullfrog zombies
  A quasit (D:11)
  4 hounds
  2 human zombies (D:8)
  7 jellies
  3 centaur skeletons
  2 bullfrog skeletons
  8 orc priests
  Crazy Yiuf (D:2)
  14 orc wizards
  A human skeleton (D:8)
  3 iguanas
  2 spectral swamp drakes (Swamp:4)
  A hell rat (D:10)
  40 worker ants
  2 bullfrog simulacra (D:11)
  A mummy (D:8)
  2 worker ant zombies
  A howler monkey zombie (D:9)
  7 gnolls
  A swamp drake zombie (Swamp:4)
  18 adders
  A hound simulacrum (D:11)
  A shadow imp (D:8)
  8 white imps (IceCv)
  A worker ant simulacrum (D:11)
  8 ufetubi (IceCv)
  An adder skeleton (D:8)
  An adder zombie (D:5)
  3 worms
  5 dart slugs
  4 leopard geckos
  52 orcs
  2 giant cockroaches (D:1)
  4 goblins
  9 hobgoblins
  21 jackals
  17 kobolds
  10 quokkas
  8 bats
  5 frilled lizards
  An orc skeleton (D:8)
  An orc zombie (D:8)
  13 rats
  2 briar patches (Swamp:4)
  A bush (Lair:1)
  10 fungi
  15 plants
  3 withered plants
1036 creatures vanquished.

Vanquished Creatures (collateral kills)
  A fire giant (D:10)
  A shambling mangrove (Swamp:3)
  An orb spider (Spider:1)
  3 hornets
  A tarantella (Spider:1)
  A phantom (Swamp:4)
8 creatures vanquished.

Vanquished Creatures (others)
  An orb spider (Spider:1)
  A hippogriff (D:11)
  A swamp worm (Swamp:4)
  A centaur (D:12)
  A jelly (D:10)
  2 white imps (IceCv)
  A briar patch (Swamp:4)
  5 fungi
  A plant (Lair:4)
  6 toadstools (Swamp:2)
  6 withered plants (Swamp:1)
26 creatures vanquished.

Grand Total: 1070 creatures vanquished

Notes
Turn   | Place    | Note
-------+----------+-------------------------------------------
     0 | D:1      | SirRappy the Minotaur Berserker began the quest for the
                  | Orb.
     0 | D:1      | Reached XP level 1. HP: 19/19 MP: 0/0
    91 | D:1      | Reached XP level 2. HP: 21/26 MP: 1/1
   293 | D:1      | Reached skill level 5 in Axes
   314 | D:1      | Reached XP level 3. HP: 19/31 MP: 2/2
   691 | D:1      | Reached ** piety under Trog
  1106 | D:2      | Reached XP level 4. HP: 30/39 MP: 3/3
  1124 | D:2      | Found a hide-covered altar of Uskayaw.
  1453 | D:2      | Found a runed translucent door.
  1454 | D:2      | Noticed Crazy Yiuf
  1459 | D:2      | Paralysed by Crazy Yiuf for 3 turns
  1464 | D:2      | Killed Crazy Yiuf
  1488 | D:2      | Reached XP level 5. HP: 33/45 MP: 4/4
  1688 | D:3      | Reached *** piety under Trog
  1695 | D:3      | Found a glowing golden altar of the Shining One.
  1921 | D:3      | Found a shadowy altar of Dithmenos.
  2180 | D:4      | Reached XP level 6. HP: 45/51 MP: 5/5
  2526 | D:4      | Noticed Edmund
  2528 | D:4      | Noticed Eustachio
  2536 | D:4      | Reached XP level 7. HP: 55/57 MP: 6/6
  2538 | D:4      | Killed Edmund
  2538 | D:4      | Reached skill level 10 in Axes
  2542 | D:4      | Killed Eustachio
  2815 | D:4      | Noticed Grinder
  2826 | D:4      | Killed Grinder
  2875 | D:4      | Noticed Duvessa
  2875 | D:4      | Noticed Dowan
  2882 | D:4      | Killed Duvessa
  2882 | D:4      | Reached XP level 8. HP: 56/64 MP: 7/7
  2888 | D:4      | Killed Dowan
  2888 | D:4      | Reached **** piety under Trog
  2968 | D:5      | Entered Level 5 of the Dungeon
  3551 | D:6      | Noticed Menkaure
  3560 | D:6      | Killed Menkaure
  3867 | D:6      | Found a glowing silver altar of Zin.
  3867 | D:6      | Found a white marble altar of Elyvilon.
  4036 | D:6      | Reached XP level 9. HP: 68/70 MP: 8/8
  4159 | D:6      | Found a transporter.
  4160 | D:6      | Noticed scorp85's ghost (novice MiFi)
  4164 | D:6      | Found a transporter.
  4422 | D:7      | Found a staircase to the Ecumenical Temple.
  4437 | Temple   | Entered the Ecumenical Temple
  4473 | D:7      | Got a dazzling ring mail
  4474 | D:7      | Identified the +2 ring mail of the Skies Above {*Contam
                  | MP+9 Int+5} (You found it on level 7 of the Dungeon)
  4996 | D:7      | Reached ***** piety under Trog
  5011 | D:7      | Reached skill level 15 in Axes
  5242 | D:8      | Noticed Psyche
  5253 | D:8      | Killed Psyche
  5363 | D:8      | Found a basalt altar of Yredelemnul.
  5462 | D:8      | Reached XP level 10. HP: 59/76 MP: 9/9
  5686 | D:8      | Noticed Joseph
  5688 | D:8      | Noticed a two-headed ogre
  5694 | D:8      | Killed a two-headed ogre
  5700 | D:8      | Killed Joseph
  6223 | D:8      | Got a faintly glowing trident
  6656 | D:9      | Found a bloodstained altar of Trog.
  6672 | D:9      | Identified the +5 trident "Juah" {distort, rPois Str+3}
                  | (You found it on level 8 of the Dungeon)
  6843 | D:9      | Found a staircase to the Orcish Mines.
  6856 | D:9      | Noticed Grum
  6864 | D:9      | Reached ****** piety under Trog
  6872 | D:9      | Killed Grum
  6872 | D:9      | Reached skill level 5 in Armour
  7551 | D:9      | Reached XP level 11. HP: 69/81 MP: 10/10
  7608 | D:10     | Entered Level 10 of the Dungeon
  7624 | D:10     | Noticed a death yak
  7624 | D:10     | Noticed a death yak
  7629 | D:10     | Noticed a death yak
  7634 | D:10     | Killed a death yak
  7640 | D:10     | Killed a death yak
  7642 | D:10     | Killed a death yak
  7656 | D:10     | Found a staircase to the Lair.
  7677 | D:10     | Identified a scroll of acquirement
  7782 | D:10     | Noticed Erica
  7799 | D:10     | Killed Erica
  7799 | D:10     | Reached skill level 10 in Armour
  8266 | D:10     | Reached skill level 1 in Long Blades
  8272 | D:10     | Received a gift from Trog
  8282 | D:10     | Got a jewelled broad axe {god gift}
  8283 | D:10     | Identified the +9 broad axe of Precise Incision {chop,
                  | rPois rF+++ MP-9 Dex-2} (Trog gifted it to you on level 10
                  | of the Dungeon)
  8477 | D:10     | Noticed a death knight
  8496 | D:10     | Killed a death knight
  8511 | D:10     | Noticed a fire giant
  8518 | D:10     | Killed a fire giant
  8608 | Lair:1   | Entered Level 1 of the Lair of Beasts
  8619 | Lair:1   | Reached XP level 12. HP: 89/89 MP: 2/11
  9062 | Lair:1   | Reached skill level 5 in Long Blades
  9380 | Lair:2   | Found a hole to the Spider Nest.
  9835 | Lair:2   | You fall into a shaft and drop 2 floors!
  9835 | Lair:4   | Noticed a four-headed hydra
  9845 | Lair:4   | Killed a one-headed hydra
 10454 | Lair:3   | Reached skill level 15 in Armour
 10464 | Lair:3   | Received a gift from Trog
 10483 | Lair:3   | Found a staircase to the Swamp.
 10493 | Lair:3   | Noticed a death yak
 10493 | Lair:3   | Noticed a death yak
 10494 | Lair:3   | Noticed a death yak
 10494 | Lair:3   | Noticed a death yak
 10494 | Lair:3   | Noticed a death yak
 10495 | Lair:3   | Noticed a death yak
 10500 | Lair:3   | Killed a death yak
 10507 | Lair:3   | Killed a death yak
 10513 | Lair:3   | Killed a death yak
 10515 | Lair:3   | Killed a death yak
 10519 | Lair:3   | Killed a death yak
 10523 | Lair:3   | Killed a death yak
 10523 | Lair:3   | Reached XP level 13. HP: 22/94 MP: 3/12
 10960 | Lair:3   | Reached skill level 10 in Long Blades
 11424 | Lair:4   | Noticed Rupert
 11451 | Lair:4   | Killed Rupert
 13313 | Lair:5   | Reached skill level 5 in Fighting
 13352 | Lair:5   | Found a staircase to the Slime Pits.
 13776 | Lair:5   | Noticed Urug
 13787 | Lair:5   | Killed Urug
 14312 | Lair:6   | Entered Level 6 of the Lair of Beasts
 14465 | Lair:6   | Received a gift from Trog
 14473 | Lair:6   | Reached skill level 10 in Fighting
 14509 | Lair:6   | Noticed a dire elephant
 14519 | Lair:6   | Killed a dire elephant
 14711 | Lair:6   | Reached XP level 14. HP: 101/123 MP: 4/13
 15609 | Orc:1    | Entered Level 1 of the Orcish Mines
 15869 | Orc:2    | Entered Level 2 of the Orcish Mines
 15870 | Orc:2    | Found Keyggi's Antique Armour Shoppe.
 15870 | Orc:2    | Noticed an orc warlord
 16133 | Orc:1    | Killed an orc warlord
 16415 | Orc:2    | Found Atakhicw's Antique Weapon Shop.
 16437 | Orc:2    | Found Nazxiynt's General Store.
 16448 | Orc:2    | Bought a scroll of identify for 28 gold pieces
 16448 | Orc:2    | Bought a ration for 70 gold pieces
 16542 | Orc:2    | Found Heletiogg's Book Shoppe.
 16573 | Orc:2    | Reached skill level 15 in Fighting
 16576 | Orc:2    | Reached skill level 1 in Crossbows
 17061 | Orc:2    | Found a staircase to the Elven Halls.
 17601 | D:11     | Noticed Sonja
 17601 | D:11     | Noticed Harold
 17609 | D:11     | Killed Harold
 17739 | D:11     | Killed Sonja
 17740 | D:11     | Received a gift from Trog
 17740 | D:11     | Reached skill level 5 in Crossbows
 18179 | D:11     | Found an iron altar of Okawaru.
 18223 | D:11     | Found a runed translucent gate.
 18223 | D:11     | Found a runed translucent gate.
 18223 | D:11     | Found a runed translucent gate.
 18251 | D:11     | Noticed Yphutt's ghost (journeyman GnSk)
 18279 | D:11     | Noticed Josephine
 18280 | D:11     | Reached skill level 1 in Throwing
 18283 | D:11     | Killed Josephine
 18430 | D:11     | Received a gift from Trog
 18692 | D:11     | Killed Yphutt's ghost
 18692 | D:11     | Reached XP level 15. HP: 140/140 MP: 5/14
 18812 | D:12     | Received a gift from Trog
 18873 | D:12     | Found Joatuemu's Weapon Shop.
 18956 | D:12     | Noticed Gastronok
 18967 | D:12     | Killed Gastronok
 19102 | D:12     | Got a dazzling great sword
 19103 | D:12     | Identified the +5 great sword of the Thoughtful Scars
                  | {venom, rPois rF+ MR- Int+7} (You found it on level 12 of
                  | the Dungeon)
 19520 | D:13     | Reached skill level 5 in Throwing
 19557 | D:13     | Received a gift from Trog
 19620 | D:13     | Received a gift from Trog
 20711 | D:13     | Noticed Snorg
 20719 | D:13     | Killed Snorg
 20740 | D:13     | Found a transporter.
 20743 | D:13     | Found a transporter.
 20743 | D:13     | Found a bloodstained altar of Trog.
 20743 | D:13     | Noticed Huschy's ghost (journeyman HOFi)
 20744 | D:13     | Identified the +8 demon blade "Killer Klown's Death"
                  | {flame, rC+ Str+4}
 20763 | D:13     | Noticed Maurice
 20768 | D:13     | Killed Maurice
 21228 | D:14     | Found a frozen archway.
 21317 | IceCv    | Entered an ice cave
 21492 | IceCv    | Received a gift from Trog
 21581 | IceCv    | Reached skill level 10 in Crossbows
 22481 | D:14     | Found a gate to the Vaults.
 22730 | D:15     | Entered Level 15 of the Dungeon
 22999 | D:15     | Reached XP level 16. HP: 142/149 MP: 6/15
 23057 | D:15     | Received a gift from Trog
 23060 | D:15     | Got a crude battleaxe {god gift}
 23061 | D:15     | Identified the +9 battleaxe "Etuttice" {chop, rElec Str-4
                  | Stlth+} (Trog gifted it to you on level 15 of the Dungeon)
 23076 | D:15     | Found a staircase to the Depths.
 23286 | D:15     | Found a transporter.
 23288 | D:15     | Identified the +8 great sword "Vumepset" {antimagic, +Inv
                  | rElec MR- MP+9}
 23288 | D:15     | Noticed Uvinaotu's ghost (journeyman MiFi)
 23294 | D:15     | Found a transporter.
 23299 | D:15     | Identified the +6 demon blade "Bocepn" {elec, *Slow +Inv
                  | rN+}
 23340 | D:15     | Found a bloodstained altar of Trog.
 23613 | Lair:4   | Reached XP level 17. HP: 156/156 MP: 16/16
 24040 | Swamp:1  | Entered Level 1 of the Swamp
 24867 | Swamp:2  | Noticed Aizul
 24890 | Swamp:2  | Killed Aizul
 24892 | Swamp:2  | Received a gift from Trog
 24892 | Swamp:2  | Reached skill level 10 in Throwing
 26051 | Swamp:3  | Reached skill level 15 in Long Blades
 26319 | Swamp:3  | Got a crystal dagger
 26320 | Swamp:3  | Identified the +0 dagger of Doom {protect, rPois rN+++
                  | Int+5} (You found it on level 3 of the Swamp)
 26666 | Swamp:4  | Entered Level 4 of the Swamp
 26814 | Swamp:4  | Received a gift from Trog
 27072 | Swamp:4  | HP: 4/156 [thorn hunter/volley of thorns (21)]
 27901 | Swamp:4  | Noticed a bone dragon
 27925 | Swamp:4  | Killed a bone dragon
 28019 | Swamp:4  | Received a gift from Trog
 28299 | Swamp:4  | Got a decaying rune of Zot
 28991 | Spider:1 | Entered Level 1 of the Spider Nest
 29000 | Spider:1 | Reached XP level 18. HP: 135/161 MP: 17/17
 29212 | Spider:1 | Received a gift from Trog
 29248 | Spider:1 | Blown up by an orb spider

Levels and vault maps discovered:
D:1:      elethiomel_arrival_maze, layout_basic, st_stairs_12, minivault_14,
          minmay_split_cup_small
D:2:      layout_rooms, marbit_many_paths, first_ration, minmay_pentomino_s2,
          uniq_crazy_yiuf_cottage
D:3:      layout_rooms, nicolae_dithmenos_shadow_blocks,
          nicolae_tso_carved_into_rock
D:4:      minmay_skewed_foursquare, layout_loops_ring, uniq_grinder,
          uniq_edmund, uniq_eustachio, uniq_duvessa
D:5:      layout_gridville
D:6:      layout_loops_ring, amethyst_overflow_temple_binary,
          gammafunk_ghost_smash, uniq_menkaure
D:7:      minmay_angry_zag, layout_loops_ring, minmay_temple_entry_ruins
D:8:      minmay_imperfect_grid, layout_basic,
          lemuel_mausoleum_altar_yredelemnul, uniq_psyche, uniq_joseph
D:9:      layout_roguey, bloody_trog, orc_0_dummy, uniq_grum
D:10:     minmay_shrinking_squares, layout_loops_ring, dpeg_lair_monsters,
          hangedman_pestilent_swarm, kennysheep_boxes, uniq_erica
D:11:     layout_roguey, gammafunk_ghost_icy, david_defended_altar_elf,
          uniq_sonja, uniq_harold, uniq_josephine
D:12:     minmay_blocky_corners, layout_cave_pools, serial_shops, shop,
          uniq_gastronok
D:13:     layout_roguey, gammafunk_ghost_wrathful_warriors, grunt_ministairs_11,
          zaba_anthell, uniq_maurice, uniq_snorg
D:14:     layout_loops_ring, grunt_vaults_entry_tiered,
          portal_ice_cave_entry_pillars_1
D:15:     gammafunk_depths_entry_grave, layout_long_grid, minivault_27,
          gammafunk_ghost_wrathful_warriors
Temple:   nicolae_temple_no_exploring_needed
Lair:1:   layout_chaotic_city
Lair:2:   layout_long_grid, nicolae_spider_entry_tight_spaces,
          chequers_serial_rivers_micro_b
Lair:3:   layout_misc_corridors, swamp_mist_pool, serial_bayou_lagoon_b,
          serial_bayou_shore_b, grunt_megastairs_1
Lair:4:   layout_gridlike, minmay_lair_oklob_chamber, uniq_rupert
Lair:5:   layout_regular_city, minmay_slime_entry_oklob_open,
          serial_bayou_shore_a, uniq_urug
Lair:6:   evilmike_catoblepas_cave, layout_gridlike,
          grunt_forest_large_clearing_hut
Swamp:1:  layout_basic_swamp, hangedman_swamp_cone, st_shrine_of_shade
Swamp:2:  cheibrodos_swamp_tower_of_moss, layout_falls_marsh,
          infiniplex_staircase_pool, uniq_aizul
Swamp:3:  layout_falls_marsh, evilmike_swamp_ruin_house_3
Swamp:4:  swamp_pestilence, layout_basic_swamp
Spider:1: layout_spider_delve
Orc:1:    layout_caves
Orc:2:    grunt_orc_gardens, layout_diamond_mine, grunt_orc_garden,
          grunt_orc_garden, grunt_orc_garden, grunt_orc_garden

Skill      XL: |  1  2  3  4  5  6  7  8  9 10 11 12 13 14 15 16 17 18 |
---------------+-------------------------------------------------------+-----
Axes           | 4 5 6 8 9 11 13 16 18 | 18.0
Armour         | 6 12 15 | 15.0
Long Blades    | 4 9 12 17 18 | 18.6
Fighting       | 11 15 | 15.0
Crossbows      | 6 11 12 | 12.0
Throwing       | 2 8 9 10 | 10.8
Dodging        | 6 8 |  8.8

Action                   |  1- 3 |  4- 6 |  7- 9 | 10-12 | 13-15 | 16-18 || total
-------------------------+-------+-------+-------+-------+-------+-------++-------
Melee: Hand axe          |    74 |   111 |   212 |       |       |       ||   397
       Headbutt          |    11 |    19 |    52 |   102 |   213 |   148 ||   545
       Battleaxe         |       |       |    13 |   218 |       |    32 ||   263
       Broad axe         |       |       |       |   160 |  1025 |   420 ||  1605
       Great sword       |       |       |       |    26 |    13 |   175 ||   214
Invok: Berserk           |     1 |     2 |     4 |     9 |    11 |     7 ||    34
       Trog's Hand       |       |       |     1 |       |     5 |     9 ||    15
       Brothers in Arms  |       |       |       |     1 |     1 |     3 ||     5
Evoke: Wand              |       |       |       |       |     8 |       ||     8
  Use: Scroll            |       |     9 |     6 |    13 |    10 |    15 ||    53
       Potion            |       |       |       |       |     3 |     9 ||    12
 Stab: Invisible         |       |     1 |       |       |       |       ||     1
       Distracted        |       |       |       |     1 |     1 |       ||     2
       Petrified         |       |       |       |       |     6 |       ||     6
  Eat: Chunk             |     1 |     5 |     9 |    25 |    32 |    10 ||    82
       Ration            |       |     1 |     1 |       |     6 |     6 ||    14
Armor: Scale mail        |    37 |    58 |    14 |       |       |       ||   109
       Chain mail        |       |       |    80 |    50 |       |       ||   130
       Plate armour      |       |       |       |   142 |   458 |       ||   600
       Crystal plate arm |       |       |       |       |    88 |   699 ||   787
Dodge: Dodged            |    51 |    46 |    54 |    97 |   227 |   236 ||   711
Block: Other             |       |       |       |    25 |   182 |   179 ||   386
       Reflection        |       |       |       |       |    11 |    10 ||    21
       Rpst.: Great sword |       |       |       |     1 |     1 |    26 ||    28
